 Dungeon Crawl Stone Soup version 0.30.1-4-g462c640d31 (webtiles) character file.

Game seed: 3683057980268129802

4836 boopmooplesden the Basher (level 10, -4/63 HPs)
             Began as a Gargoyle Fighter on Sept 8, 2023.
             Was a Believer of Trog.
             Slain by an orc
             ... wielding a +0 halberd
              (13 damage)
             ... in a bailey.
             The game lasted 00:10:16 (6929 turns).

boopmooplesden the Basher (Gargoyle Fighter)        Turns: 6929, Time: 00:10:16

Health: -4/63      AC: 21    Str: 23    XL:     10   Next: 49%
Magic:  10/10      EV:  7    Int: 10    God:    Trog [**....]
Gold:   577        SH:  6    Dex: 15    Spells: 9/9 levels left

rFire   . . .        a - +1 flail (flame)
rCold   . . .        c - +0 buckler
rNeg    + + .        g - +0 plate armour
rPois   ∞            (no helmet)
rElec   +            (no cloak)
rCorr   .            (no gloves)
SInv    .            (no boots)
Will    .....        (no amulet) Stlth
                     t - +6 ring of dexterity
HPRegen 0.30/turn    k - ring of positive energy
MPRegen 0.12/turn

%: no passive effects
@: on berserk cooldown, slowed, very slow
A: sickness immunity, AC +7, negative energy resistance 1, electricity
resistance, torment resistance 1, petrification resistance
a: Renounce Religion, Berserk, Trog's Hand


You were in a bailey.
You worshipped Trog.
Trog was pleased with you.
You visited 1 branch of the dungeon, and saw 8 of its levels.
You also visited: Bailey.

You collected 577 gold pieces.

Inventory:

Hand Weapons
 a - a +1 flail of flaming (weapon)
Armour
 b - a +0 scale mail
 c - a +0 buckler (worn)
 g - a +0 plate armour (worn)
Jewellery
 h - a ring of wizardry
 i - a ring of see invisible
 k - a ring of positive energy (right hand)
 p - an amulet of magic regeneration
 t - a +6 ring of dexterity (left hand)
Wands
 v - a wand of iceblast (6)
 y - a wand of flame (12)
Scrolls
 e - 3 scrolls of immolation
 j - 3 scrolls of teleportation
 s - a scroll of vulnerability
 A - a scroll of poison
Potions
 d - 5 potions of might
 f - 5 potions of mutation
 l - a potion of curing
 m - a potion of cancellation
 n - 2 potions of heal wounds
 o - a potion of brilliance
 q - a potion of berserk rage {unknown}
 r - 2 potions of flight {unknown}
 u - 4 potions of lignification
 w - 2 potions of resistance {unknown}
 z - 2 potions of haste {unknown}


   Skills:
 + Level 7.0 Fighting
 + Level 10.1 Maces & Flails
 + Level 9.2 Armour
 + Level 1.1 Dodging
 + Level 1.5 Stealth
 + Level 7.1 Shields


You had 9 spell levels left.
You didn't know any spells.
Your spell library was empty.

Dungeon Overview and Level Annotations

Branches:
Dungeon (8/15)             Temple (0/1) D:5          Bailey (1/1)
   Lair: D:8-11

Altars:
Ashenzari
Elyvilon
Fedhas
Makhleb
Ru
Trog
Zin


Innate Abilities, Weirdness & Mutations

You are immune to sickness and miasma.
Your stone body is resilient. (AC +7)
You are immune to poison.
You resist negative energy. (rN+)
You are resistant to electric shocks. (rElec)
You are resistant to unholy torment.
You are immune to petrification.


Message History

The orc knight is almost dead.
You are no longer berserk.
You are exhausted.
You feel yourself slow down.
The orc knight hits you with a +0 halberd!!
The orc barely misses you.
You closely miss the orc knight.
The orc knight is almost dead.
The orc knight roars a battlecry!
The orc goes into a battle-frenzy!
The orc barely misses you.
You thump the orc knight! You burn the orc knight.
The orc knight is almost dead.
The orc knight hits you but does no damage.
The orc hits you from afar with a +0 halberd.
You block the orc knight's attack.
The orc hits you from afar with a +0 halberd.
* * * LOW HITPOINT WARNING * * *
You barely miss the orc knight.
The orc knight is almost dead.
You block the orc knight's attack.
The orc hits you from afar with a +0 halberd.
* * * LOW HITPOINT WARNING * * *
You hit the orc knight. You burn the orc knight.
You kill the orc knight!
Trog accepts your kill. The orc closely misses you.
The orc hits you but does no damage.
Your Fighting skill increases to level 7!
Your Armour skill increases to level 9!
The orc hits you with a +0 halberd.
* * * LOW HITPOINT WARNING * * *
Items here: ) ? [ †.
You completely miss the orc. The orc hits you but does no damage.
You hit the orc. You burn the orc.
The orc is almost dead.
You block the orc's attack. The orc hits you but does no damage.
You barely miss the orc.
The orc is almost dead.
The orc hits you with a +0 halberd!
You die...

######## ####### ##### .......##
##.....#########....
..#.....######.......#.....#.....
.###....#....#..##...'.....'..#..
..8)))..o.))))).8.)..'.))..'.....
.###....#..))#)o##...).....'..#..
oo#)))..######..@.)).#.....#.....
.......## ##...).#########....
######## ####### #####


You could see an orc (strong).

Vanquished Creatures
  2 orc knights (Bailey)
  A hornet (D:7)
  Grinder (D:4)
  Sigmund (D:4)
  Eustachio (D:6)
  A steam dragon (D:7)
  8 orc warriors
  3 sky beasts
  3 ice beasts (D:7)
  2 black bears
  4 ogres
  A kobold brigand (D:6)
  A bullfrog (D:7)
  5 scorpions
  4 killer bees (D:7)
  8 hounds
  3 sleepcaps
  2 iguanas
  7 orc wizards
  4 gnolls (D:5)
  4 adders
  An ufetubus (D:5)
  A worm (D:3)
  3 dart slugs
  34 orcs
  6 ball pythons
  5 bats
  7 endoplasms
  2 giant cockroaches (D:1)
  7 goblins
  11 hobgoblins
  5 jackals (D:1)
  6 quokkas
  2 frilled lizards
  7 kobolds
  9 rats
172 creatures vanquished.

Notes
Turn   | Place    | Note
-------+----------+-------------------------------------------
     0 | D:1      | boopmooplesden the Gargoyle Fighter began the quest for the
                  | Orb.
     0 | D:1      | Reached XP level 1. HP: 14/14 MP: 1/1
    95 | D:1      | Reached XP level 2. HP: 16/19 MP: 2/2
   329 | D:1      | Reached XP level 3. HP: 21/24 MP: 3/3
  1127 | D:2      | Reached skill level 3 in Maces & Flails
  1473 | D:3      | Reached XP level 4. HP: 29/29 MP: 4/4
  1770 | D:3      | Found a burning altar of Makhleb.
  1772 | D:3      | Noticed a blizzard demon
  1871 | D:3      | Found a bloodstained altar of Trog.
  1891 | D:3      | Became a worshipper of Trog the Wrathful
  2287 | D:4      | Reached skill level 1 in Stealth
  2287 | D:4      | Reached XP level 5. HP: 33/33 MP: 5/5
  2311 | D:4      | Noticed an ogre
  2329 | D:4      | Killed an ogre
  2330 | D:4      | Reached skill level 4 in Maces & Flails
  2418 | D:4      | Noticed Sigmund
  2425 | D:4      | Noticed Grinder
  2446 | D:4      | Reached XP level 6. HP: 35/38 MP: 6/6
  2450 | D:4      | Killed Sigmund
  2451 | D:4      | Reached skill level 5 in Maces & Flails
  2491 | D:4      | Paralysed by Grinder for 4 turns
  2523 | D:4      | Killed Grinder
  2524 | D:4      | Reached skill level 5 in Armour
  2524 | D:4      | Reached XP level 7. HP: 31/44 MP: 7/7
  2653 | D:4      | Found a glowing silver altar of Zin.
  2710 | D:4      | Reached skill level 6 in Maces & Flails
  3164 | D:5      | Entered Level 5 of the Dungeon
  3522 | D:5      | Reached XP level 8. HP: 48/48 MP: 8/8
  3648 | D:5      | Reached * piety under Trog
  3704 | D:5      | You fall into a shaft and drop 1 floor!
  3738 | D:5      | Found a staircase to the Ecumenical Temple.
  3828 | D:5      | Reached skill level 7 in Maces & Flails
  4285 | D:6      | Reached skill level 5 in Fighting
  4487 | D:6      | Reached skill level 8 in Maces & Flails
  4511 | D:6      | Found a sacrificial altar of Ru.
  4635 | D:6      | Reached XP level 9. HP: 54/54 MP: 9/9
  4666 | D:6      | Noticed Eustachio
  4712 | D:6      | Killed Eustachio
  4713 | D:6      | Reached skill level 5 in Shields
  5099 | D:7      | Found a blossoming altar of Fedhas.
  5134 | D:7      | Reached skill level 1 in Dodging
  5143 | D:7      | Found a white marble altar of Elyvilon.
  5324 | D:7      | Reached ** piety under Trog
  5339 | D:7      | Reached skill level 9 in Maces & Flails
  5626 | D:7      | Found a broken altar of Ashenzari.
  5978 | D:7      | Noticed a hornet
  5989 | D:7      | Killed a hornet
  5990 | D:7      | Reached XP level 10. HP: 17/61 MP: 10/10
  6239 | D:8      | Found a flagged portal.
  6243 | Bailey   | Entered a bailey
  6775 | Bailey   | Noticed an orc knight
  6805 | Bailey   | Killed an orc knight
  6838 | Bailey   | Noticed an orc knight
  6872 | Bailey   | Reached skill level 10 in Maces & Flails
  6925 | Bailey   | Killed an orc knight
  6929 | Bailey   | Slain by an orc

Illustrated notes

Levels and vault maps discovered:
D:1:      elethiomel_arrival_infinity_welcomes_careful_drivers, layout_basic
D:2:      layout_rooms, chequers_serial_rivers_small_3
D:3:      minmay_door_path, layout_loops_ring, bloody_trog,
          makhleb_altar_promises_db
D:4:      layout_basic, old_standard_altar, serial_forest,
          infiniplex_forest_clump_large, infiniplex_forest_lined_2,
          infiniplex_forest_clump_small, infiniplex_forest_corner_1,
          infiniplex_forest_straight_2, infiniplex_forest_clump_curved,
          infiniplex_forest_end_3, uniq_grinder, uniq_sigmund
D:5:      layout_loops_corners, minmay_temple_entry_stoned_glass,
          dreamdust_wishing_well
D:6:      layout_rooms, nicolae_overflow_crystal_walls, uniq_eustachio
D:7:      layout_loops_ring, lemuel_crystal_altar, mainiacjoe_overflow_catwalk,
          nicolae_ashenzari_skybound, nrook_mini_vaults, reono_crystal_passage,
          ebering_dispersal_statue_hall
D:8:      layout_layer_cave, tgw_xom, mainiacjoe_overflow_alcove_4,
          mainiacjoe_overflow_divided_tiny, enter_bailey_1,
          kennysheep_minor_cross, uniq_grum, uniq_maggie
Bailey:   bailey_polearm_5, bailey

Skill      XL: |  1  2  3  4  5  6  7  8  9 10 |
---------------+-------------------------------+-----
Maces & Flails | 3 4 5 6 8 9 10 | 10.1
Armour         | 4 5 6 8 9 |  9.2
Stealth        | 1 |  1.5
Fighting       | 4 5 6 7 |  7.0
Shields        | 4 6 7 |  7.1
Dodging        | 1 |  1.1

Action                     |  1- 3 |  4- 6 |  7- 9 | 10-12 || total
---------------------------+-------+-------+-------+-------++-------
  Melee: Flail             |   146 |   117 |   358 |    91 ||   712
 Invoke: Berserk           |       |       |     3 |     5 ||     8
         Trog's Hand       |       |       |       |     1 ||     1
    Use: Scroll            |     5 |     1 |     8 |     5 ||    19
         Potion            |       |       |     1 |     4 ||     5
 Armour: Scale mail        |    35 |       |       |       ||    35
         Plate armour      |    82 |    62 |   387 |    77 ||   608
  Dodge: Dodged            |    51 |    28 |   163 |    43 ||   285
  Block: Buckler           |    33 |    19 |   103 |    40 ||   195
